 Dungeon Crawl Stone Soup version 0.28-a0-305-g9e858e973b (webtiles) character file.

Game seed: 5071923147890327774

194271 Spaninq the Brawler (level 17, -9/174 HPs)
             Began as a Troll Cinder Acolyte on Aug 29, 2021.
             Was the Champion of Jiyva.
             Killed from afar by a merfolk aquamancer (26 damage)
             ... with a shard of ice
             ... on level 4 of the Shoals.
             The game lasted 01:54:33 (29012 turns).

Spaninq the Brawler (Troll Cinder Acolyte)         Turns: 29012, Time: 01:54:34

Health: -9/174     AC: 17    Str: 24    XL:     17   Next: 67%
Magic:  17/17      EV: 11    Int:  8    God:    Jiyva [******]
Gold:   3090       SH: 19    Dex: 18    Spells: 16/18 levels left

rFire   + . .      SeeInvis +     - Unarmed
rCold   + . .      Faith    .   D - +2 kite shield
rNeg    . . .      Spirit   .   K - +0 acid dragon scales
rPois   .          Reflect  +   s - +2 hat
rElec   .          Harm     .   y - scarf {rC+ rF+}
rCorr   +          Rampage  .   (gloves unavailable)
Will    ++...      Clarity  +   (boots unavailable)
Stlth   +.........              p - amulet of reflection
HPRegen 1.39/turn               N - +4 ring of protection
MPRegen 0.15/turn               U - ring of willpower

@: no status effects
A: large, unfitting armour, claws 3, regeneration 1, shaggy fur 1, tough skin 1,
fangs 1, hooves 1, see invisible, agile 1, clarity, strong 1, acidic bite,
tendrils, jelly absorbing missiles
}: 1/15 runes: slimy
a: Renounce Religion, Request Jelly, Slimify, Cure Bad Mutation


You were on level 4 of the Shoals.
You worshipped Jiyva.
Jiyva was exalted by your worship.
You visited 7 branches of the dungeon, and saw 34 of its levels.

You collected 3315 gold pieces.
You spent 225 gold pieces at shops.

Inventory:

Hand Weapons
 G - the +5 demon whip "Spellbinder" {antimagic, Will+}
   (You found it on level 7 of the Dungeon)

   It reduces the magical energy of the wielder, and disrupts the spells and
   magical abilities of those it strikes.
   Natural abilities and divine invocations are not affected.
   It unleashes wild and unpredictable magical effects upon striking a wizard or
   a creature with magical abilities.
   Will:      It increases your willpower.
 L - a +4 hand axe of flaming
Missiles
 q - 4 throwing nets (quivered)
 I - 35 large rocks
 S - 7 javelins
 X - 10 silver javelins
 Z - 15 boomerangs
Armour
 j - a +0 cloak
 s - a +2 hat (worn)
 y - a scarf of resistance (worn)
 D - a +2 kite shield (worn)
 K - +0 acid dragon scales (worn)
Jewellery
 b - a ring of resist corrosion
 f - a ring of fire
 m - a +6 ring of intelligence
 p - an amulet of reflection (around neck)
 v - a ring of flight
 x - a ring of wizardry
 F - a ring of poison resistance
 N - a +4 ring of protection (left claw)
 U - a ring of willpower (right claw)
Wands
 a - a wand of acid (10)
 k - a wand of flame (24)
 t - a wand of polymorph (6)
 E - a wand of iceblast (24)
 V - a wand of digging (2)
 W - a wand of paralysis (12)
Scrolls
 d - 3 scrolls of fear
 g - 9 scrolls of teleportation
 l - a scroll of holy word
 n - 5 scrolls of fog
 o - a scroll of summoning
 u - 4 scrolls of amnesia
 C - 2 scrolls of silence
 M - 2 scrolls of blinking
 O - a scroll of magic mapping
 Q - 3 scrolls of enchant armour
 T - 3 scrolls of identify
Potions
 c - 4 potions of flight
 e - a potion of haste
 h - 5 potions of heal wounds
 i - 8 potions of curing
 r - a potion of mutation
 z - a potion of might
 A - 2 potions of attraction
 B - a potion of magic
 J - 2 potions of invisibility
 P - a potion of ambrosia
 R - a potion of brilliance
 Y - a potion of lignification {unknown}
Miscellaneous
 w - a condenser vane
 H - a phial of floods


   Skills:
 + Level 12.3 Fighting
 + Level 7.5 Throwing
 - Level 11.5 Armour
 + Level 3.4 Dodging
 + Level 11.9 Shields
 * Level 19.1 Unarmed Combat
 - Level 1.0 Spellcasting
 - Level 0.6 Fire Magic
 - Level 5.2 Evocations


You had 16 spell levels left.
You knew the following spells:

 Your Spells              Type           Power      Damage    Failure   Level
b - Blink                 Tloc           N/A        N/A       56%         2

Your spell library contained the following spells:

 Spells                   Type           Power      Damage    Failure   Level
 Foxfire                  Conj/Fire      0%         2x1d4     38%         1
 Magic Dart               Conj           0%         1d3       43%         1
 Sandblast                Erth           0%         2d4       43%         1
 Call Imp                 Summ           0%         N/A       56%         2
 Passwall                 Tmut/Erth      0%         N/A       56%         2
 Slow                     Hex            0%         N/A       56%         2
 Conjure Flame            Conj/Fire      0%         6-21      77%         3
 Ignite Poison            Fire/Tmut/Pois 0%         N/A       78%         3
 Confusing Touch          Hex            0%         N/A       80%         3
 Dazzling Flash           Conj/Hex       0%         N/A       80%         3
 Gell's Gravitas          Tloc           0%         N/A       80%         3
 Lesser Beckoning         Tloc           0%         N/A       80%         3
 Mephitic Cloud           Conj/Pois/Air  0%         N/A       80%         3
 Stone Arrow              Conj/Erth      0%         3d7       80%         3
 Teleport Other           Tloc           0%         N/A       80%         3
 Vampiric Draining        Necr           0%         2d6       80%         3
 Airstrike                Air            0%         N/A       99%         4
 Animate Armour           Summ/Erth      0%         N/A       99%         4
 Animate Dead             Necr           0%         N/A       99%         4
 Fulminant Prism          Conj/Hex       0%         3d6       99%         4
 Iskenderun's Mystic Bla  Conj/Tloc      0%         2d3       99%         4
 Leda's Liquefaction      Hex/Erth       0%         N/A       99%         4
 Passage of Golubria      Tloc           N/A        N/A       99%         4
 Sticky Flame             Conj/Fire      0%         2d3       99%         4
 Borgnjor's Vile Clutch   Necr/Erth      0%         N/A       100%        5
 Lee's Rapid Deconstruct  Erth           0%         3d5*      100%        5
 Manifold Assault         Tloc           0%         N/A       100%        5
 Summon Forest            Summ/Tloc      0%         N/A       100%        5
 Yara's Violent Unravell  Hex/Tmut       0%         3d3       100%        5
 Death Channel            Necr           0%         N/A       100%        6
 Dispersal                Tloc           0%         N/A       100%        6
 Eringya's Noxious Bog    Tmut/Pois      0%         N/A       100%        6
 Starburst                Conj/Fire      0%         6d3       100%        6
 Statue Form              Tmut/Erth      0%         N/A       100%        6
 Haunt                    Necr/Summ      0%         N/A       100%        7
 Summon Hydra             Summ           0%         N/A       100%        7
 Disjunction              Tloc           0%         N/A       100%        8
 Infestation              Necr           0%         N/A       100%        8
 Lehudib's Crystal Spear  Conj/Erth      0%         10d2      100%        8


Dungeon Overview and Level Annotations

Branches:
Dungeon (15/15)            Temple (1/1) D:4            Lair (6/6) D:10
 Shoals (4/4) Lair:3        Snake (0/4) Lair:2        Slime (5/5) Lair:5
    Orc (2/2) D:9             Elf (0/3) Orc:2        Vaults (1/5) D:13
 Depths (0/5) D:15

Altars:
Ashenzari
Cheibriados
Dithmenos
Elyvilon
Fedhas
Gozag
Hepliaklqana
Kikubaaqudgha
Makhleb
Nemelex Xobeh
Okawaru
Qazlal
Ru
Sif Muna
Trog
Uskayaw
Vehumet
Wu Jian
Xom
Yredelemnul
Zin
The Shining One
Beogh
Jiyva

Shops:
D:3 *   D:5 =   D:7 [   D:12 :   D:13 *   Orc:2 =?=(   Shoals:3 [

Portals:
Trove: D:10 (give 13 scrolls of teleportation)

Annotations:
D:12 2 transporters, Atlas's ghost, journeyman DgIE
D:13 3 runed translucent doors, frimble's ghost, journeyman GnWn
Lair:2 exclusion: 2 oklob plants
Slime:5 Royal Jelly


Innate Abilities, Weirdness & Mutations

You are too large for most types of armour.
You have claws for hands.
Your natural rate of healing is unusually fast.
You are covered in fur. (AC +1)
You have tough skin. (AC +1)
You have very sharp teeth.
You have large cloven feet.
You have supernaturally acute eyesight. (SInv)
You are agile. (Dex +2)
You possess an exceptional clarity of mind.
Your muscles are strong. (Str +2)
You have acidic saliva.
You are covered in slimy tendrils that may disarm your opponents.
You have a small jelly attached to you that may absorb incoming projectiles.


Message History

A harpy comes into view.
The merfolk avatar chants a haunting song.
You are unaffected.
The merfolk throws a boomerang.
You reflect the boomerang off an invisible shield around you!
The boomerang barely misses the merfolk.
You block the harpy's attack. x2
Things that are here:
a snapping turtle corpse; a water nymph corpse The harpy screeches!
The harpy claws you! The harpy closely misses you.
You block the harpy's attack. x2; The merfolk barely misses you.
The merfolk javelineer throws a silver javelin.
The silver javelin pierces through you!
* * * LOW HITPOINT WARNING * * *
The silver sears you!
* * * LOW HITPOINT WARNING * * *
The merfolk aquamancer mumbles some strange words.
The merfolk aquamancer blinks!
The merfolk avatar chants a haunting song.
You are unaffected.
The snapping turtle bites you from afar.
* * * LOW HITPOINT WARNING * * *
You claw the merfolk javelineer!
Your kick misses the merfolk javelineer.
You bite the merfolk javelineer.
The merfolk javelineer is splashed with acid.
You kill the merfolk javelineer!
The harpy claws you.
* * * LOW HITPOINT WARNING * * *
The harpy claws you!
* * * LOW HITPOINT WARNING * * *
You block the harpy's attack. x2; The merfolk closely misses you.
The harpy screeches!
The harpy claws you but does no damage. You block the harpy's attack.
The snapping turtle bites you but does no damage.
You block the harpy's attack. The harpy claws you.
* * * LOW HITPOINT WARNING * * *
The merfolk aquamancer gestures at you while chanting.
The shard of ice hits you!! You partially resist.
You die...

#..##......≈≈.# #..≈≈≈≈≈≈≈≈≈≈
.........≈≈≈≈.# #.P≈P≈≈≈≈≈≈≈≈
..≈≈≈....≈≈≈≈.###..≈PP≈≈≈≈≈≈≈
.≈≈≈≈#####.≈≈≈.....≈PP≈≈≈≈≈≈≈≈≈
≈≈≈≈≈# ##..≈≈....≈≈≈≈≈P≈≈≈≈≈≈≈
≈≈≈≈.. #...)........P≈≈≈≈≈≈≈≈≈
≈≈≈≈≈≈≈ ######........P≈≈≈≈≈≈≈≈
≈≈≈≈≈≈##≈m ≈≈##.)^...≈≈≈≈≈≈≈≈≈≈
≈≈≈≈≈## #mH..≈##@....≈≈≈≈≈≈≈≈≈≈
≈≈≈≈ .m≈t$≈#HH...≈≈≈≈≈≈≈≈≈≈ ≈≈
#m#..#).t.m(.)P≈≈≈≈≈≈
#≈≈..#.)m.....≈≈≈≈≈≈≈
...#m........≈≈≈≈≈≈
#.#m........≈≈≈≈≈≈
#Hm........≈≈≈≈≈≈
#≈≈.........≈≈≈≈≈≈
#............≈≈≈≈≈≈


You could see a merfolk avatar, a merfolk impaler, a merfolk javelineer, a
merfolk aquamancer, a snapping turtle, a merfolk, a manticore and 2 harpies.

Vanquished Creatures
  An acid blob (Lair:5)
  Polyphemus (Shoals:3)
  Kirke (Shoals:1)
  Roxanne (Shoals:4)
  Ilsuiw (Shoals:1)
  2 frost giants
  2 orc warlords (Orc:1)
  Nessos (Orc:2)
  6 merfolk impalers
  3 merfolk javelineers
  A fire dragon (Lair:6)
  Harold (Lair:2)
  A boulder beetle (D:13)
  12 hydras
  A catoblepas (Shoals:3)
  An ogre mage (D:14)
  A vault guard (D:13)
  3 centaur warriors (D:13)
  An alligator snapping turtle (Shoals:2)
  2 merfolk avatars
  A death knight (D:14)
  6 merfolk aquamancers
  8 two-headed ogres
  7 death yaks
  A satyr (Shoals:2)
  5 tengu warriors
  6 orc high priests
  Sonja (Orc:1)
  5 skeletal warriors (D:14)
  A fire crab (Lair:5)
  10 sea snakes
  A swamp dragon (Lair:6)
  A wizard (D:13)
  9 harpies
  Pikel (D:7)
  2 deep elf pyromancers
  4 orc knights
  An orc sorcerer (Orc:1)
  3 oklob plants
  A phantasmal warrior (D:14)
  25 fauns
  3 necromancers (D:13)
  3 ugly things
  14 manticores
  7 elephants
  6 cyclopes
  11 merfolk sirens
  A vault sentinel (Vaults:1)
  6 black mambas
  8 water nymphs
  Maggie (D:9)
  15 cane toads
  An unseen horror (D:10)
  3 yaktaurs
  2 kobold demonologists
  7 rime drakes
  An efreet (D:13)
  11 komodo dragons
  A freezing wraith (D:15)
  2 tengu conjurers
  5 polar bears
  4 trolls
  3 wind drakes
  A hornet (D:14)
  17 merfolk
  27 blink frogs
  4 snapping turtles
  A slime creature (Lair:5)
  A raiju (shapeshifter) (D:13)
  10 dream sheep
  2 wraiths
  4 wyverns
  13 fire elementals
  2 shadows
  81 yaks
  A tarantella (shapeshifter) (D:15)
  3 hogs (Shoals:1)
  8 water elementals
  18 humans (D:13)
  12 basilisks
  6 steam dragons
  7 wargs
  3 vampire mosquitoes (D:13)
  3 acid dragons
  20 water moccasins
  36 orc warriors
  2 swamp drakes (Lair:6)
  A sky beast (D:7)
  2 black bears (Lair:2)
  11 ogres
  A necrophage (D:7)
  9 centaurs
  31 wolves
  3 kobold brigands (D:7)
  15 bullfrogs
  2 gnoll sergeants
  A wyvern zombie (D:9)
  A scorpion (D:4)
  A wyvern skeleton (D:7)
  14 killer bees
  12 wights
  2 electric eels (D:8)
  3 howler monkeys (D:9)
  2 bullfrog zombies
  2 centaur zombies
  36 orc priests
  A bullfrog skeleton (D:6)
  A centaur skeleton (D:7)
  3 hounds
  A jelly (D:6)
  A gnoll shaman (D:8)
  2 iguanas
  Crazy Yiuf (D:2)
  24 orc wizards
  2 hell rats (Lair:3)
  2 killer bee zombies
  A hound skeleton (D:5)
  A howler monkey zombie (D:9)
  13 gnolls
  5 adders
  8 river rats (Lair:3)
  An ufetubus (D:5)
  4 worms
  3 dart slugs
  116 orcs
  10 endoplasms
  A giant cockroach (D:1)
  6 goblins
  10 hobgoblins
  13 jackals
  3 quokkas
  A ball python (D:2)
  5 bats
  2 frilled lizards
  5 kobolds
  A quokka skeleton (D:4)
  2 rats (D:1)
937 creatures vanquished.

Vanquished Creatures (collateral kills)
  A boulder beetle (Lair:6)
  2 blink frogs (Lair:6)
  An orc wizard (D:7)
4 creatures vanquished.

Vanquished Creatures (others)
  A centaur warrior (D:14)
  A necromancer (D:13)
  An orc knight (D:15)
  2 ugly things (D:15)
  A yaktaur (shapeshifter) (D:15)
  A yaktaur (D:15)
  A troll (D:15)
  24 slime creatures
  3 humans
  A warg (D:15)
  An orc warrior (D:15)
  An ogre (D:15)
  3 centaurs
  95 jellies
  An iguana (Lair:6)
  2 orc wizards
  3 orcs
  A butterfly (D:12)
  127 foxfires
  51 fungi
  214 plants
535 creatures vanquished.

Grand Total: 1476 creatures vanquished

Notes
Turn   | Place    | Note
-------+----------+-------------------------------------------
     0 | D:1      | Spaninq the Troll Cinder Acolyte began the quest for the
                  | Orb.
     0 | D:1      | Reached XP level 1. HP: 22/22 MP: 1/1
   339 | D:1      | Reached XP level 2. HP: 29/29 MP: 2/2
   775 | D:2      | Reached XP level 3. HP: 36/36 MP: 3/3
   795 | D:2      | Reached skill level 4 in Unarmed Combat
   902 | D:2      | Found a faded altar of an unknown god.
   976 | D:2      | Found a runed translucent door.
   977 | D:2      | Noticed Crazy Yiuf
  1586 | D:3      | Found Cyakh's Assorted Antiques.
  1647 | D:3      | Reached XP level 4. HP: 42/45 MP: 4/4
  2229 | D:4      | You fall into a shaft and drop 3 floors!
  2231 | D:7      | Noticed a gnoll sergeant
  2264 | D:6      | Noticed a water moccasin
  2275 | D:6      | Killed a water moccasin
  2276 | D:6      | Reached skill level 5 in Unarmed Combat
  2276 | D:6      | Reached XP level 5. HP: 29/53 MP: 5/5
  2370 | D:6      | Reached XP level 6. HP: 62/62 MP: 6/6
  2480 | D:6      | Reached skill level 6 in Unarmed Combat
  2571 | D:5      | Entered Level 5 of the Dungeon
  2598 | D:5      | Reached skill level 7 in Unarmed Combat
  2598 | D:5      | Reached XP level 7. HP: 71/71 MP: 7/7
  2704 | D:5      | Identified the +0 robe of Deragod {rF- Will+ Str+2}
  2800 | D:4      | Found a staircase to the Ecumenical Temple.
  2825 | Temple   | Entered the Ecumenical Temple
  3361 | D:4      | Reached skill level 8 in Unarmed Combat
  3417 | D:5      | Found Gibup's Jewellery Shoppe.
  3444 | D:5      | Reached skill level 5 in Fighting
  3676 | D:5      | Reached XP level 8. HP: 79/80 MP: 8/8
  4239 | D:2      | Killed Crazy Yiuf
  4621 | D:6      | Reached skill level 9 in Unarmed Combat
  4679 | D:7      | Noticed Pikel
  4697 | D:7      | Killed Pikel
  4704 | D:7      | Found Cakk's Antique Armour Shoppe.
  4773 | D:7      | Reached skill level 10 in Unarmed Combat
  4787 | D:7      | Reached skill level 1 in Shields
  4787 | D:7      | Reached XP level 9. HP: 87/89 MP: 9/9
  5358 | D:7      | Found the +5 demon whip "Spellbinder" {antimagic, Will+}
  5377 | D:7      | Reached skill level 11 in Unarmed Combat
  5665 | D:8      | Noticed a two-headed ogre
  5704 | D:8      | Killed a two-headed ogre
  5705 | D:8      | Reached XP level 10. HP: 65/102 MP: 10/10
  5724 | D:8      | Learned a level 2 spell: Blink
  5903 | D:8      | Reached skill level 5 in Shields
  6605 | D:9      | Noticed a two-headed ogre
  6617 | D:9      | Killed a two-headed ogre
  6618 | D:9      | Reached skill level 12 in Unarmed Combat
  6620 | D:9      | Noticed a deep elf pyromancer
  6628 | D:9      | Killed a deep elf pyromancer
  6804 | D:9      | Noticed Maggie
  6828 | D:9      | Killed Maggie
  6912 | D:9      | Reached XP level 11. HP: 92/110 MP: 11/11
  7063 | D:9      | Found an opulent altar of Gozag.
  7332 | D:9      | Found a staircase to the Orcish Mines.
  7403 | D:10     | Entered Level 10 of the Dungeon
  7442 | D:10     | Noticed an oklob plant
  7447 | D:10     | Found a staircase to the Lair.
  7473 | D:10     | Killed an oklob plant
  8045 | D:10     | Found a portal to a secret trove of treasure.
  8184 | D:11     | Identified a scroll of acquirement
  8184 | D:11     | Acquired a manual of Armour
  8272 | D:11     | Noticed a two-headed ogre
  8416 | D:11     | Reached skill level 13 in Unarmed Combat
  8494 | D:11     | Noticed a four-headed hydra
  8649 | D:11     | Reached skill level 1 in Armour
  8858 | D:11     | Killed a two-headed ogre
  8934 | Lair:1   | Entered Level 1 of the Lair of Beasts
  9328 | Lair:1   | Reached XP level 12. HP: 49/122 MP: 12/12
  9601 | Lair:1   | Reached skill level 14 in Unarmed Combat
 10049 | Lair:2   | Reached skill level 5 in Armour
 10115 | Lair:2   | Noticed a death yak
 10115 | Lair:2   | Noticed a death yak
 10132 | Lair:2   | Noticed a death yak
 10151 | Lair:2   | Killed a death yak
 10152 | Lair:2   | Noticed a death yak
 10176 | Lair:2   | Killed a death yak
 10181 | Lair:2   | Killed a death yak
 10184 | Lair:2   | Killed a death yak
 10294 | Lair:2   | Found a staircase to the Snake Pit.
 10350 | Lair:2   | Identified the +1 ring mail of Hinim {rPois}
 10379 | Lair:2   | Noticed Harold
 10402 | Lair:2   | Killed Harold
 10403 | Lair:2   | Reached XP level 13. HP: 131/131 MP: 13/13
 10461 | Lair:1   | Reached skill level 15 in Unarmed Combat
 10768 | Lair:3   | Reached skill level 5 in Evocations
 10768 | Lair:3   | Reached XP level 14. HP: 140/140 MP: 14/14
 10910 | Lair:3   | Found a staircase to the Shoals.
 10931 | Lair:3   | Identified the +2 chain mail of the Stone Wall {+Inv}
 12371 | Lair:3   | Reached skill level 10 in Fighting
 12392 | Lair:4   | You fall into a shaft and drop 2 floors!
 12392 | Lair:6   | Entered Level 6 of the Lair of Beasts
 12587 | Lair:5   | Found a runed translucent door.
 12588 | Lair:5   | Found a viscous altar of Jiyva.
 12589 | Lair:5   | Found a staircase to the Slime Pits.
 12590 | Lair:5   | Noticed an acid blob
 12932 | Lair:4   | Acquired a +2 hat
 13618 | Lair:5   | Reached skill level 16 in Unarmed Combat
 14023 | Orc:1    | Entered Level 1 of the Orcish Mines
 14860 | Orc:2    | Entered Level 2 of the Orcish Mines
 14865 | Orc:2    | Noticed Sonja
 14996 | Orc:1    | Killed Sonja
 15142 | Orc:2    | Noticed an orc warlord
 15189 | Orc:2    | Noticed an orc warlord
 15403 | Orc:1    | Killed an orc warlord
 15404 | Orc:1    | Reached skill level 10 in Shields
 15442 | Orc:2    | Noticed Nessos
 15447 | Orc:2    | Killed Nessos
 15448 | Orc:2    | Reached skill level 1 in Throwing
 15448 | Orc:2    | Reached XP level 15. HP: 131/152 MP: 15/15
 15691 | Orc:2    | Found a staircase to the Elven Halls.
 16057 | Orc:1    | Killed an orc warlord
 16619 | Orc:2    | Found Idaqa's Jewellery Shoppe.
 16619 | Orc:2    | Found Liete's Antique Weapon Boutique.
 16745 | Orc:2    | Found Raxuck's Jewellery Shoppe.
 16745 | Orc:2    | Found Coynler's Magic Scroll Boutique.
 16751 | Orc:2    | Bought a scroll of teleportation for 36 gold pieces
 17098 | Lair:5   | Killed an acid blob
 17142 | Lair:5   | Fell from the grace of Ignis
 17143 | Lair:5   | Became a worshipper of Jiyva Jotum the Shapeless
 17171 | Slime:1  | Entered Level 1 of the Pits of Slime
 17171 | Slime:1  | Found a viscous altar of Jiyva.
 17657 | D:12     | Found a white marble altar of Elyvilon.
 17724 | D:12     | Reached * piety under Jiyva
 17764 | D:12     | Noticed Atlas's ghost (journeyman DgIE)
 17765 | D:12     | Found a transporter.
 17790 | D:12     | Identified the +7 whip of Duty {vorpal, Str-2 Int+8}
 17819 | D:12     | Reached skill level 10 in Armour
 17830 | D:12     | Found a transporter.
 17862 | D:12     | Found Wairigil's Book Boutique.
 18650 | D:13     | Reached ** piety under Jiyva
 18768 | D:13     | You fall into a shaft and drop 1 floor!
 19130 | D:13     | Reached *** piety under Jiyva
 19317 | D:13     | Reached skill level 17 in Unarmed Combat
 19390 | D:13     | Found Upnolal's Island Escapes.
 19402 | D:13     | Bought a scroll of teleportation for 42 gold pieces
 19402 | D:13     | Bought a scroll of blinking for 105 gold pieces
 19402 | D:13     | Bought a scroll of teleportation for 42 gold pieces
 19649 | D:13     | Acquired 869 gold pieces
 19654 | D:13     | Found a gate to the Vaults.
 19795 | D:13     | Gained mutation: You have acidic saliva. [Jiyva's grace]
 19872 | D:13     | Found a runed translucent gate.
 19872 | D:13     | Found a runed translucent gate.
 19872 | D:13     | Found a runed translucent gate.
 19873 | D:13     | Noticed frimble's ghost (journeyman GnWn)
 19875 | D:13     | Found a viscous altar of Jiyva.
 20168 | Orc:1    | Reached **** piety under Jiyva
 20270 | Orc:2    | Gained mutation: You have a pair of small antennae on your
                  | head. [Jiyva's grace]
 20283 | Orc:2    | Reached ***** piety under Jiyva
 20284 | Orc:2    | Gained mutation: You tend to lose your temper in combat.
                  | [Jiyva's grace]
 20291 | Orc:2    | Lost mutation: You tend to lose your temper in combat.
                  | [Jiyva's power]
 20292 | Orc:2    | Gained mutation: You are covered in slimy tendrils that may
                  | disarm your opponents. [Jiyva's grace]
 20342 | Orc:2    | Gained mutation: You have a small jelly attached to you
                  | that may absorb incoming projectiles. [Jiyva's grace]
 20443 | Orc:2    | Found Idaqa's Jewellery Shoppe.
 20443 | Orc:2    | Found Liete's Antique Weapon Boutique.
 20565 | Orc:2    | Found a staircase to the Elven Halls.
 20610 | Orc:2    | Found Raxuck's Jewellery Shoppe.
 20610 | Orc:2    | Found Coynler's Magic Scroll Boutique.
 20806 | Orc:1    | Lost mutation: You have a pair of small antennae on your
                  | head. [Jiyva's grace]
 20806 | Orc:1    | Reached ****** piety under Jiyva
 20817 | Orc:1    | Gained mutation: You have supernaturally acute eyesight.
                  | (SInv) [Jiyva's grace]
 20986 | Slime:1  | Noticed a rockslime
 20987 | Slime:1  | Noticed an azure jelly
 21009 | Slime:2  | Noticed an acid blob
 21026 | Slime:2  | Noticed an acid blob
 21028 | Slime:3  | Noticed an acid blob
 21034 | Slime:3  | Noticed an acid blob
 21038 | Slime:4  | Noticed an azure jelly
 21044 | Slime:5  | Entered Level 5 of the Pits of Slime
 21044 | Slime:5  | Noticed an acid blob
 21044 | Slime:5  | Noticed a rockslime
 21049 | Slime:5  | Gained mutation: You are clumsy. (Dex -2) [Jiyva's grace]
 21054 | Slime:5  | Gained mutation: Your magical capacity is low. (-10% MP)
                  | [Jiyva's grace]
 21055 | Slime:5  | Noticed an acid blob
 21058 | Slime:5  | Gained mutation: You expend magic power (3 MP) to
                  | strengthen your wands. [Jiyva's grace]
 21059 | Slime:5  | Found a viscous altar of Jiyva.
 21060 | Slime:5  | Noticed the Royal Jelly
 21061 | Slime:5  | Noticed an acid blob
 21061 | Slime:5  | Noticed an acid blob
 21062 | Slime:5  | Noticed an azure jelly
 21062 | Slime:5  | Noticed an acid blob
 21063 | Slime:5  | Noticed an acid blob
 21063 | Slime:5  | Noticed an acid blob
 21063 | Slime:5  | Found the +3 giant club "Skullcrusher" {speed, Str+7}
 21064 | Slime:5  | Noticed an acid blob
 21070 | Slime:5  | Got the Papyrus of the Flying Traveller
 21071 | Slime:5  | Identified the ring of Xom's Bemusement {Drain rPois
                  | Dex+10}
 21084 | Slime:5  | Got a slimy rune of Zot
 21085 | Slime:5  | Identified the +4 long sword of the Living Dead {vorpal,
                  | Will+ Dex+3 Stlth+}
 21109 | Slime:5  | Noticed an acid blob
 21205 | Slime:5  | Noticed an acid blob
 21239 | Slime:5  | Noticed an acid blob
 21292 | Slime:5  | Lost mutation: Your magical capacity is low. (-10% MP)
                  | [Jiyva's power]
 21324 | Slime:5  | Noticed an acid blob
 21574 | Slime:3  | Noticed an acid blob
 21588 | Slime:3  | Noticed an acid blob
 21655 | Slime:3  | Noticed a rockslime
 21839 | Slime:2  | Noticed an azure jelly
 21933 | Slime:1  | Noticed an acid blob
 21956 | Slime:1  | Noticed an azure jelly
 21984 | Slime:1  | Noticed an acid blob
 22517 | Lair:6   | Lost mutation: You are clumsy. (Dex -2) [Jiyva's power]
 22867 | Lair:6   | Reached XP level 16. HP: 162/162 MP: 16/16
 23151 | Lair:6   | Was forgiven by Ignis
 23284 | Lair:6   | Gained mutation: You have large cloven feet. [Jiyva's
                  | grace]
 23608 | Lair:6   | Reached skill level 5 in Throwing
 24410 | D:14     | Gained mutation: You are frail. (-10% HP) [Jiyva's grace]
 24532 | D:15     | Entered Level 15 of the Dungeon
 24636 | D:15     | Gained mutation: Your muscles are strong. (Str +2) [Jiyva's
                  | grace]
 24679 | D:15     | Paralysed by an ogre mage for 3 turns
 24695 | D:14     | Lost mutation: You are frail. (-10% HP) [Jiyva's power]
 24902 | D:15     | Found a staircase to the Depths.
 25121 | Vaults:1 | Entered Level 1 of the Vaults
 25128 | Vaults:1 | Reached skill level 18 in Unarmed Combat
 25345 | Shoals:1 | Entered Level 1 of the Shoals
 25491 | Shoals:1 | Lost mutation: You have supernaturally acute eyesight.
                  | (SInv) [Jiyva's grace]
 25537 | Shoals:1 | Noticed Kirke
 25552 | Shoals:1 | Killed Kirke
 26585 | Shoals:2 | Gained mutation: You possess an exceptional clarity of
                  | mind. [Jiyva's grace]
 26637 | Shoals:2 | Noticed Ilsuiw
 26775 | Shoals:1 | Killed Ilsuiw
 26967 | Shoals:2 | Gained mutation: You have supernaturally acute eyesight.
                  | (SInv) [Jiyva's grace]
 27001 | Shoals:2 | Reached XP level 17. HP: 117/172 MP: 17/17
 27134 | Shoals:2 | Reached skill level 1 in Dodging
 27824 | Shoals:3 | Gained mutation: You are agile. (Dex +2) [Jiyva's grace]
 27837 | Shoals:3 | Noticed Polyphemus
 27879 | Shoals:3 | Killed Polyphemus
 27931 | Shoals:3 | Found Usofeige's Armour Shoppe.
 28039 | Shoals:3 | Gained mutation: You have very sharp teeth. [Jiyva's grace]
 28431 | Shoals:4 | Entered Level 4 of the Shoals
 28669 | Shoals:4 | Lost mutation: You expend magic power (3 MP) to strengthen
                  | your wands. [Jiyva's grace]
 28745 | Shoals:4 | Reached skill level 19 in Unarmed Combat
 28876 | Shoals:4 | Identified Roxanne's Volume of the Rocks
 28876 | Shoals:4 | Noticed Roxanne
 28898 | Shoals:4 | Killed Roxanne
 29012 | Shoals:4 | Killed from afar by a merfolk aquamancer

Illustrated notes

Levels and vault maps discovered:
D:1:      nicolae_arrival_somewhat_less_tricky_arrival, layout_loops_cross,
          serial_forest, infiniplex_forest_lined_room_2,
          infiniplex_forest_end_double, infiniplex_forest_lined_room_3,
          infiniplex_forest_end_2, hex_large
D:2:      layout_basic, hellmonk_ecumenical_altar_crossroads, nrook_mini_vaults,
          uniq_crazy_yiuf_cottage
D:3:      layout_loops_ring, serial_shops, nicolae_shop_trees
D:4:      layout_rooms, minmay_temple_entry_tees
D:5:      layout_loops_corners, serial_shops, shop, kennysheep_generic_room_6
D:6:      layout_cave_pools
D:7:      minmay_octagon_keep, layout_cave_pools, serial_shops, shop,
          kennysheep_doodads, eino_jars, uniq_pikel
D:8:      layout_basic, serial_bayou_lagoon_b
D:9:      layout_roguey, mainiacjoe_overflow_boulevard, hiddenorc1_lemuel,
          uniq_maggie
D:10:     layout_rooms, dpeg_oklobed_lair, enter_trove_2
D:11:     layout_loops_ring, special_room [special_room_orc]
D:12:     kennysheep_funnel, layout_loops_ring, serial_shops,
          nicolae_shop_stone, gammafunk_ghost_hive,
          nicolae_elyvilon_peaceful_grove
D:13:     layout_loops_corners, grunt_vaults_entry_tiered, gammafunk_ghost_ooze,
          drop_trap, nicolae_island_escapes
D:14:     layout_loops_ring, lemuel_flamethrower_3
D:15:     grunt_enter_depths_snipers, layout_gridville, minmay_misc_feat_tower
Temple:   nicolae_temple_the_god_donut
Lair:1:   layout_cave_pods, chequers_serial_rivers_marsh, grunt_megastairs_3
Lair:2:   beast_lair_carwin_large_2, layout_cave_shapes, dummy_snake_entry,
          lemuel_fruit_fields, minmay_lair_oklob_chamber, uniq_harold
Lair:3:   wad_woods_structure_01, layout_chaotic_city,
          minmay_shoals_entry_lonely_mermaid, kennysheep_rathole,
          serial_bayou_shore_b
Lair:4:   layout_hall_layers, small_statue_intersection
Lair:5:   layout_cave_pods, slime_altar_2, lemuel_fruit_fields
Lair:6:   guppyfry_lair_end_dragon, layout_loops_ring, grunt_megastairs_5
Shoals:1: layout_shoals, nicolae_shoals_this_corrosion, uniq_kirke
Shoals:2: layout_shoals, uniq_ilsuiw
Shoals:3: layout_shoals, nicolae_stop_n_shop_1, uniq_polyphemus
Shoals:4: shoals_end_hangedman, layout_shoals, shoals_ilsuiw_ice, uniq_roxanne
Slime:1:  layout_caves, basic_altar
Slime:2:  layout_caves
Slime:3:  cheibrodos_slime_lost_civilization_2, layout_caves
Slime:4:  layout_caves
Slime:5
Orc:1:    layout_caves, basic_altar, special_room [special_room_orc]
Orc:2:    st_orc_town, layout_caves, uniq_nessos, uniq_sonja
Vaults:1: v_alt_pattern_4, nicolae_vaults_ninety_degrees,
          nicolae_vaults_network_star, ontoclasm_vaults_water_temple,
          nicolae_vaults_windows_and_doors_thing, ontoclasm_vaults_fault,
          vaults_dpeg_doors, v_misc_8, vaults_room_door_hall,
          dpeg_vaults_monster_box, v_misc_25, ontoclasm_vaults_chip,
          layout_vaults_omnibox, serial_shops,
          nicolae_shop_temple_entry_statues_fountains

Skill      XL: |  1  2  3  4  5  6  7  8  9 10 11 12 13 14 15 16 17 |
---------------+----------------------------------------------------+-----
Unarmed Combat | 4 5 7 8 10 11 12 13 14 15 16 17 18 19 | 19.1
Fighting       | 3 4 5 6 7 8 9 10 11 12 | 12.3
Shields        | 1 4 6 8 9 10 11 | 11.9
Armour         | 3 6 7 9 10 11 | 11.5
Evocations     | 5 |  5.2
Throwing       | 1 4 6 7 |  7.5
Dodging        | 3 |  3.4
Spellcasting   | |  1.0
Fire Magic     | |  0.6

Action                   |  1- 3 |  4- 6 |  7- 9 | 10-12 | 13-15 | 16-18 || total
-------------------------+-------+-------+-------+-------+-------+-------++-------
Melee: Unarmed           |   117 |    74 |   240 |   682 |  1255 |   837 ||  3205
       Punch             |     3 |       |     3 |     2 |       |       ||     8
       Demon whip        |       |       |     5 |     1 |    34 |       ||    40
       Hand axe          |       |       |       |       |    50 |    26 ||    76
       Bite              |       |       |       |       |    18 |   120 ||   138
       Kick              |       |       |       |       |       |   297 ||   297
Throw: Large rock        |       |       |       |       |     3 |       ||     3
       Throwing net      |       |       |       |       |     2 |       ||     2
 Cast: Blink             |       |       |       |       |     1 |       ||     1
Invok: Foxfire Swarm     |       |       |     4 |       |     4 |       ||     8
       Sea of Fire       |       |       |       |       |     1 |       ||     1
       Rising Flame      |       |       |       |       |     1 |       ||     1
       Cure Bad Mutation |       |       |       |       |     3 |     1 ||     4
       Request Jelly     |       |       |       |       |     2 |       ||     2
       Renounce Religion |       |       |       |       |     1 |       ||     1
Evoke: Wand              |       |       |       |       |    13 |       ||    13
       Condenser vane    |       |       |       |       |     1 |       ||     1
  Use: Scroll            |       |       |       |    22 |    12 |       ||    34
       Potion            |       |       |       |       |     5 |     1 ||     6
 Stab: Distracted        |       |       |       |       |     1 |     1 ||     2
       Confused          |       |       |       |       |       |     1 ||     1
Armor: Robe              |    43 |    19 |    40 |    16 |       |       ||   118
       Acid dragon scale |       |       |       |    94 |   417 |   233 ||   744
Dodge: Dodged            |    62 |    26 |    79 |   111 |   291 |   186 ||   755
Block: Other             |       |    13 |    50 |    10 |       |       ||    73
       Reflection        |       |       |     1 |     2 |    36 |    93 ||   132
       Kite shield       |       |       |       |   244 |   928 |   675 ||  1847

Table legend: (Time is in decaauts)
 A = Elapsed time spent in this place.
 B = Non-inter-level travel time spent in this place.
 C = Inter-level travel time spent in this place.
 D = Time resting spent in this place.
 E = Time spent auto-exploring this place.
 F = Levels seen in this place.
 G = Mean time per level.
                   A        B        C        D        E       F      G
               +--------+--------+--------+--------+--------+-----+--------+
         Total |  28516 |  26349 |   2167 |   2278 |  15383 |  34 |  838.7 |
       Dungeon |  13441 |  12297 |   1144 |    985 |   7680 |  15 |  896.1 |
        Temple |    252 |    236 |     16 |      0 |    217 |   1 |  252.0 |
          Lair |   6827 |   6136 |    691 |    180 |   3640 |   6 | 1137.8 |
        Shoals |   3687 |   3586 |    101 |    535 |   1707 |   4 |  921.8 |
    Slime Pits |   1282 |   1201 |     81 |      0 |   1065 |   5 |  256.4 |
  Orcish Mines |   3016 |   2885 |    131 |    577 |   1072 |   2 | 1508.0 |
        Vaults |      8 |      8 |      0 |      0 |      0 |   1 |    8.0 |
               +--------+--------+--------+--------+--------+-----+--------+

Top non-repeatable levels by time:
  Lair:3: 1683 daAuts
   Orc:1: 1591 daAuts
    D:13: 1471 daAuts
     D:9: 1459 daAuts
  Lair:6: 1431 daAuts
   Orc:2: 1424 daAuts
Shoals:1: 1234 daAuts
  Lair:5: 1174 daAuts
  Lair:1: 1141 daAuts
Shoals:3: 1134 daAuts
    D:14: 1050 daAuts
    D:11: 1044 daAuts
     D:7: 985 daAuts
     D:5: 928 daAuts
Shoals:2: 920 daAuts
